Map: Neon Violet Square LE

Players

Zest - Winner!

  • Race: Protoss Protoss
  • Spawn Location: 5:00

Dayshi

  • Race: Terran Terran
  • Spawn Location: 11:00

Event: IEM Season 12 - Katowice

VOD

Have the link to the VOD?

Description

Time

  • Played on: Feb. 27, 2018, 4:21 a.m.
  • Length: 6:42

All games in this series

Show
View Real Time Build Order
Export as new Build Order

Zest Protoss - Winner!

Build Orders: Proxy Void Ray 

Get SALT Encoding   

  12  0:00  Probe  
  13  0:12  Probe  
  14  0:17  Pylon  
  14  0:25  Probe  
  15  0:37  Probe  
  15  0:38  Gateway  
  16  0:46  Assimilator  
  16  0:49  Probe  
  17  0:55  Assimilator  
  17  1:01  Probe  
  18  1:13  Probe  
  19  1:25  Probe  
  20  1:26  Cybernetics Core  
  20  1:29  Zealot  
  22  1:36  Pylon  
  22  1:41  Probe  
  24  2:00  Stalker (Chrono Boost)  
  24  2:03  Warp Gate  
  25  2:10  Stargate  
  25  2:17  Shield Battery  
  25  2:26  Stalker  
  27  2:36  Pylon  
  27  2:50  Void Ray (Chrono Boost)  
  31  3:09  Pylon  
  31  3:12  Shield Battery  
  31  3:28  Void Ray (Chrono Boost)  
  34  3:42  Shield Battery  
  34  4:15  Void Ray (Chrono Boost)  
  34  4:24  Pylon  
  34  4:32  Pylon  
  33  4:39  Stalker  
  33  4:41  Probe  
  36  4:51  Void Ray  
  40  5:03  Probe  
  40  5:05  Twilight Council  
  41  5:07  Stalker  
  43  5:20  Probe  
  44  5:24  Pylon  
  44  5:34  Void Ray (Chrono Boost)  
  44  5:55  Stalker  
  44  5:56  Probe  
Show
View Real Time Build Order
Export as new Build Order

Dayshi Terran 

Build Orders: Cyclone Opening 

Get SALT Encoding   

  12  0:00  SCV  
  13  0:12  SCV  
  14  0:19  Supply Depot  
  14  0:25  SCV  
  15  0:41  SCV  
  16  0:44  Barracks  
  16  0:53  SCV  
  17  0:58  Barracks  
  17  1:05  SCV  
  17  1:08  Refinery  
  18  1:17  SCV  
  19  1:30  Orbital Command  
  19  1:31  Marine  
  20  1:43  Bunker  
  20  1:46  Marine  
  21  1:49  Marine  
  21  1:50  Supply Depot  
  22  1:57  SCV  
  23  2:12  Factory, Marine x2  
  25  2:16  SCV  
  26  2:28  SCV  
  26  2:32  Supply Depot  
  26  2:40  SCV  
  26  2:41  Refinery  
  27  2:52  SCV  
  27  2:58  Cyclone  
  31  3:04  SCV  
  31  3:13  Starport  
  31  3:16  SCV  
  32  3:27  Supply Depot  
  32  3:29  SCV  
  31  3:34  Cyclone  
  31  3:41  SCV  
  35  3:44  Engineering Bay  
  35  3:51  Viking  
  35  3:53  SCV  
  38  3:59  Marine x2  
  38  4:01  Bunker  
  38  4:12  SCV  
  35  4:17  Marine x2  
  36  4:35  Marine x2  
  34  4:40  Cyclone  
  37  4:46  SCV  
  37  4:50  Missile Turret  
  37  4:53  Marine x2  
  39  5:02  Missile Turret  
  39  5:07  SCV  
  39  5:10  Marine  
  38  5:17  Marine  
  36  5:28  Marine  
  36  5:33  SCV  
  36  5:35  Marine  
  34  5:46  Marine  
  32  5:53  Marine  
  32  5:56  Viking  
  35  5:57  SCV  
  35  5:59  Supply Depot  
  35  6:01  Supply Depot  
  35  6:21  SCV, Marine x2  

Tags
 
Add a new tag
Caveats
  • Supply blocks, unpowered buildings, or Contaminate may cause inaccurate times.
  • Supply counts are checked every 10 seconds.